woodfighter, chaotic female elven Rogue --------- ----- ........| * +...| |........#######------.- # |...| |.......| #|.......# *`###....| |.......| `##.......| ##### . ----.-.-- ##|......| ### *####### #### ####-+.----- #### # # # ############# # ### ############## ########## # -----+ # ##-.-----# ### # #### ..... ####|.....| ######### ------.--+--- -..# #|.---.| --.-.-- #@a +...........| |. ####|.| |.. |......# |...*....(..| - +####|.| |.| ......| |...........| ##..---.| |.....| ------------- |.....| ------- ------- woodfighter the Rogue Experience level: 6 Strength: 15 Dexterity: 19 Constitution: 14 Intelligence: 10 Wisdom: 13 Charisma: 7 Health: 0(38) Energy: 34(34) Def: 4 Gold: 67 Moves: 3247 Dungeon seed: 4c5AUCIqpselCOae Game ID: woodfighter_1515438854 Your Inventory: Coins $ - 67 gold pieces Weapons a - a +0 elven short sword (weapon in hand) b - 14 +0 elven daggers (in quiver) Armor e - an uncursed +1 leather armor (being worn) n - an uncursed +0 orcish helm (being worn) q - an uncursed +0 dwarvish cloak r - an uncursed +0 dwarvish cloak z - an uncursed +0 pair of iron shoes Comestibles c - an uncursed food ration p - an uncursed sprig of wolfsbane Tools j - an uncursed towel y - an uncursed lock pick T - a blessed magic lamp Spells and supernatural/magical abilities: Name Level Category Fail Memory W - pray for help -- divine ? -- Your skills at the end: Miscellaneous Skills wands [Basic] Weapon Skills dagger [Basic] short sword [Basic] Spellcasting Skills Final Attributes: You were piously aligned. You were sleep resistant. You were telepathic. You had infravision. You were very stealthy. You are dead. Vanquished creatures: a ghost a leprechaun a dust vortex a human zombie a bugbear 2 rock moles a rock piercer a pony a fog cloud a straw golem a kitten 2 dwarves 2 iguanas 3 rothes a rabid rat a centipede 2 jitterbugs an orc zombie a coyote a gas spore 3 acid blobs a large kobold 3 geckos 2 hobgoblins 2 giant rats a cave spider 7 garter snakes a gnome zombie a jackal a fox a kobold 5 newts 2 goblins a sewer rat 7 grid bugs 2 lichens a kobold zombie 67 creatures vanquished. Voluntary challenges: You did not cause conflict. You were not invisible. You did not have reflection. You were not displaced. You used a wielded weapon 121 times, starting on turn 1. You did not apply a unicorn horn. You did not use plumbed fixtures. You did not drink any magical draughts. You were illiterate. You never genocided any monsters. You never polymorphed an object. You never changed form. You used no wishes. You never split a pudding. You never wrote Elbereth's name. You never violated your personal moral code. Dungeon overview: The Dungeons of Doom: levels 1 to 7 Level 1 an altar to Kos a long staircase Level 2 a general store, some fountains Level 3 a sink stairs to The Gnomish Mines Level 4 a fountain Level 5 (bones) Level 6 (throne) a fountain, a throne Level 7 <- You were here The Gnomish Mines: Level 4 stairs to The Dungeons of Doom History has recorded: On T:1 you entered the Dungeons of Doom to retrieve the Amulet of Yendor! On T:458 you reached level 2 of The Dungeons of Doom. On T:771 you reached level 3 of The Dungeons of Doom. On T:865 you reached level 1 of The Gnomish Mines. On T:955 you advanced to experience level 2. On T:1138 you reached level 4 of The Dungeons of Doom. On T:1198 you advanced to experience level 3. On T:1404 you reached level 5 of The Dungeons of Doom. On T:1613 you advanced to experience level 4. On T:1734 you reached level 6 of The Dungeons of Doom. On T:2030 you advanced to experience level 5. On T:2231 you prayed to Kos. On T:2278 you reached level 7 of The Dungeons of Doom. On T:3105 you advanced to experience level 6. Score breakdown: Gold: 67 ( 6 points) Experience: 6 levels ( 500 points) Exploration: 7 levels ( 180 points) Discoveries: 8 items ( 400 points) Variety of kills: 37 monsters ( 1850 points) Major goal: (nothing yet) ( 0 points) Survival: died (score multiplied by 3) Total score: 8808 Latest messages: You stab the dust vortex! The dust vortex engulfs you! You can't see in here! You hear some noises. You stab the dust vortex. You destroy the dust vortex! You can't see where you're going! You can see again. You hear the footsteps of a guard on patrol. You stop exploring. You throw 2 elven daggers. You strike the leprechaun from behind! (2x) You stop. Kitty is in the way! You hear some noises. You displace kitty. b - 2 +0 elven daggers (in quiver). The leprechaun reads a scroll labeled RATSANOPU! A soldier ant blocks your way. You stab the soldier ant! The soldier ant misses. The soldier ant stings! You stab the soldier ant! The soldier ant bites! The soldier ant stings! The soldier ant bites! You die... Final status: Goodbye woodfighter the Rogue, killed by a soldier ant... You died in The Dungeons of Doom on dungeon level 7 with 8808 points, and 67 pieces of gold, after 3247 moves. You were level 6 with a maximum of 38 hit points when you died.